 Dungeon Crawl Stone Soup version 0.28.0-43-g3370ac3207 (webtiles) character file.

Game seed: 17299573736166610579

50 pkoi the Conjurer (level 3, 0/21 HPs)
             Began as an Octopode Conjurer on Mar 18, 2022.
             Slain by a rat (2 damage)
             ... on level 2 of the Dungeon.
             The game lasted 00:01:21 (1641 turns).

pkoi the Conjurer (Octopode Conjurer)               Turns: 1641, Time: 00:01:22

Health: 0/21       AC:  1    Str:  6    XL:     3   Next: 79%
Magic:  5/6        EV: 13    Int: 22    God:
Gold:   72         SH:  0    Dex: 10    Spells: 5/6 levels left

rFire   + . .      SeeInvis .   e - +3 dagger (holy)
rCold   + . .      Faith    .   (no shield)
rNeg    . . .      Spirit   .   (helmet restricted)
rPois   +          Reflect  .   (no amulet)
rElec   +          Harm     .   (no ring)
rCorr   +          Rampage  .   (no ring)
Will    .....                   (no ring)
Stlth   +++.......              (no ring)
HPRegen 0.07/turn               (no ring)
MPRegen 0.10/turn               (no ring)
                                (no ring)
                                (no ring)

@: resistant
A: almost no armour, amphibious, 8 rings, camouflage 1, gelatinous body 1,
(nimble swimmer 1), tentacles
a: no special abilities


You were on level 2 of the Dungeon.
You visited 1 branch of the dungeon, and saw 2 of its levels.

You collected 72 gold pieces.

Inventory:

Hand Weapons
 a - a +0 dagger
 e - a +3 dagger of holy wrath (weapon)
Scrolls
 f - a scroll of identify {unknown}


   Skills:
 - Level 2.0 Dodging
 - Level 2.6 Stealth
 - Level 2.0 Spellcasting
 + Level 5.3 Conjurations


You had 5 spell levels left.
You knew the following spells:

 Your Spells              Type           Power      Damage    Failure   Level
a - Magic Dart            Conj           100%       1d8       1%          1

Your spell library contained the following spells:

 Spells                   Type           Power      Damage    Failure   Level
 Searing Ray              Conj           50%        2d6       2%          2
 Dazzling Flash           Conj/Hex       28%        N/A       14%         3
 Fulminant Prism          Conj/Hex       7%         3d7       41%         4
 Iskenderun's Mystic Bla  Conj/Tloc      14%        2d5       41%         4


Dungeon Overview and Level Annotations

Branches:
Dungeon (2/15)

Altars:

Shops:
D:1 *


Innate Abilities, Weirdness & Mutations

You cannot wear most types of armour.
You are amphibious.
You can wear up to eight rings at the same time.
Your skin changes colour to match your surroundings (Stealth+).
Your rubbery body absorbs attacks. (AC +1, EV +1)
((You are camouflaged when in or above water. (Stealth+)))
You have tentacles for arms and can constrict up to eight enemies at once.


Message History

The adder is lightly wounded.
The magic dart hits the adder but does no damage.
The adder is lightly wounded.
The adder closely misses you.
The magic dart hits the adder!
The adder is severely wounded.
The adder bites you.
You are poisoned.
The adder poisons you!
A goblin comes into view. It is wielding a +0 dagger.
The magic dart hits the adder.
You kill the adder!
You feel sick. The endoplasm hits you.
* * * LOW HITPOINT WARNING * * *
Unknown command.
It was a potion of resistance.
You feel protected.
You feel sick. The endoplasm hits you.
* * * LOW HITPOINT WARNING * * *
It was a potion of magic.
Magic courses through your body.
You feel sick. The endoplasm hits you.
* * * LOW HITPOINT WARNING * * *
As you read the scroll labelled DUENASTREERE, it crumbles to dust.
You feel strangely unstable.
It was a scroll of teleportation.
You feel sick. The endoplasm hits you.
* * * LOW HITPOINT WARNING * * *
You feel sick.
Your surroundings suddenly seem different.
A rat and a goblin come into view.
Found a fizzy blue potion and 2 silver boomerangs.
You feel sick.
You are no longer poisoned.
The rat bites you.
* * * LOW HITPOINT WARNING * * *
Aiming: Magic Dart (safe; 1% risk of failure)
Press: ? - help, Q - select action Shift-Dir - straight line, f - rat
Aim: a rat (100% to hit)
The magic dart hits the rat but does no damage.
The rat bites you.
You die...

#.. #.# #.#
#.# # #.# !.
#.#
########.#
#.#
#...r....#
#.#
#...@....#
#...........
#.#
#...........
#..
#####.##..(.
#.# .. g..
.## ## .# ##


You could see a goblin (asleep) and a rat.

Vanquished Creatures
  An adder (D:2)
  A dart slug (D:1)
  2 ball pythons (D:1)
  4 endoplasms (D:1)
  2 giant cockroaches (D:1)
  4 goblins (D:1)
  2 hobgoblins (D:1)
  2 jackals (D:1)
  5 kobolds
  2 quokkas
  5 bats (D:1)
  2 frilled lizards (D:1)
  2 rats (D:1)
34 creatures vanquished.

Notes
Turn   | Place    | Note
-------+----------+-------------------------------------------
     0 | D:1      | pkoi the Octopode Conjurer began the quest for the Orb.
     0 | D:1      | Reached XP level 1. HP: 11/11 MP: 3/3
   227 | D:1      | Reached XP level 2. HP: 17/17 MP: 1/5
   439 | D:1      | Found a faded altar of an unknown god.
   823 | D:1      | Found Ixiyxum's Assorted Antiques.
   944 | D:1      | Reached XP level 3. HP: 21/21 MP: 4/6
   964 | D:1      | Reached skill level 5 in Conjurations
  1641 | D:2      | Slain by a rat

Illustrated notes

Levels and vault maps discovered:
D:1:      giann_forest_graveyard, layout_basic, serial_shops, shop,
          ebering_ecumenical_altar_petrified, minmay_ruptured
D:2:      layout_basic

Skill      XL: |  1  2  3 |
---------------+----------+-----
Conjurations   | 5 |  5.3
Dodging        | |  2.0
Stealth        | |  2.6
Spellcasting   | |  2.0

Action                   || total
-------------------------++-------
Melee: Constrict         ||     3
       Tentacles         ||     2
       Unarmed           ||     1
       Dagger            ||     6
 Cast: Magic Dart        ||    61
  Use: Potion            ||     2
       Scroll            ||     1
Armor: Skin              ||     2
Dodge: Dodged            ||     9
